 Dungeon Crawl Stone Soup version 0.19.0-2-gae57169 (webtiles) character file.

298 Bsssss the Covert (level 6, 0/61 HPs)
             Began as an Octopode Assassin on Nov 2, 2016.
             Slain by a gnoll
             ... wielding a +0 spear
              (1 damage)
             ... on level 3 of the Dungeon.
             The game lasted 00:06:22 (1907 turns).

Bsssss the Covert (Octopode Assassin)               Turns: 1907, Time: 00:06:23

Health: 0/61       AC: 23    Str: 11    XL:     6   Next: 35%
Magic:  6/6        EV:  2    Int: 13    God:
Gold:   55         SH:  0    Dex: 25    Spells: 0 memorised, 5 levels left

rFire  . . .     SeeInvis .     a - +2 dagger
rCold  . . .     Gourm    .     (no shield)
rNeg   + + +     Faith    .     (helmet currently unavailable)
rPois  +         Spirit   .     (no amulet)
rElec  .         Reflect  .     h - +5 ring of dexterity
rCorr  .         Harm     .     (no ring)
MR     .....     NoTele   +     (no ring)
Stlth  ++++++....               (no ring)
                                (no ring)
                                (no ring)
                                (no ring)
                                (no ring)

@: agile, tree-form
A: almost no armour, stealthy swim, (amphibious), 8 rings, (constrict 8),
(camouflage 0), (gelatinous body 0)
a: no special abilities


You were on level 3 of the Dungeon.
You were not hungry.
You were a tree.
You visited 1 branch of the dungeon, and saw 3 of its levels.

You collected 55 gold pieces.

Inventory:

Hand Weapons
 a - a +2 dagger (weapon)
 b - a +0 blowgun
Missiles
 c - 8 poisoned needles
 d - 2 curare-tipped needles
 l - 19 arrows
 p - 27 sling bullets
 r - a throwing net (quivered)
Jewellery
 h - a +5 ring of dexterity (left branch)
Scrolls
 g - 2 scrolls of remove curse {unknown}
 i - a scroll of magic mapping {unknown}
 j - a scroll of immolation {unknown}
 k - a scroll of random uselessness {unknown}
 m - a scroll of noise {unknown}
 o - a scroll of teleportation {unknown}
 q - a scroll of amnesia {unknown}
Comestibles
 f - 2 bread rations
 s - a royal jelly
 t - a chunk of flesh
 u - a meat ration


   Skills:
 + Level 2.4 Fighting
 + Level 2.7 Short Blades
 + Level 2.1 Throwing
 + Level 1.6 Dodging
 * Level 9.4 Stealth


You had 5 spell levels left.
You didn't know any spells.

Dungeon Overview and Level Annotations

Branches:
Dungeon (3/15)

Altars:


Innate Abilities, Weirdness & Mutations

You cannot wear most types of armour.
You are very stealthy in the water. (Stealth+)
((You are amphibious.))
You can wear up to eight rings at the same time.
((You can use your tentacles to constrict eight enemies at once.))
((Your skin changes colour to match your surroundings (Stealth+).))
((Your rubbery body absorbs attacks. (AC +1, EV +1)))


Message History

You lose your grip on the gnoll.
The gnoll hits you but does no damage. x2
You hit the gnoll.
You kill the gnoll!
The gnoll hits you but does no damage.
You hit the kobold.
You kill the kobold!
The gnoll hits you but does no damage.
You cannot move.
You cannot move.
The gnoll hits you but does no damage.
You hit the kobold but do no damage. The kobold hits you but does no damage.
The gnoll hits you but does no damage.
You closely miss the kobold. The kobold hits you.
* * * LOW HITPOINT WARNING * * *
The gnoll hits you but does no damage.
You hit the kobold.
The kobold is severely wounded.
The kobold barely misses you.
The gnoll hits you from afar with a spear.
You die...

.... #..##
#...
...###.K#
#.gg.gg#
######J# #.#
######
##.#####....#
#.gK♣.......#
#..#####.##.#
.# #...
#.##.# .#
#.....
#..#?###.#
.......#
##.#...%.#
#.###.#.#
#.######## #.
#.#.#
#........# .
#.#.#
#.....<..#
#.......#


You could see a gnoll and a kobold.

Vanquished Creatures
  Grinder (D:3)
  3 gnolls (D:3)
  3 adders
  An ooze (D:3)
  2 worms
  A leopard gecko (D:2)
  8 bats
  5 giant cockroaches
  4 goblins
  5 hobgoblins
  A quokka (D:3)
  2 frilled lizards (D:2)
  5 kobolds
  6 rats
47 creatures vanquished.

Notes
Turn   | Place    | Note
-------+----------+-------------------------------------------
     0 | D:1      | Bsssss the Octopode Assassin began the quest for the Orb.
     0 | D:1      | Reached XP level 1. HP: 14/14 MP: 1/1
   154 | D:1      | Reached XP level 2. HP: 19/19 MP: 2/2
   253 | D:1      | Reached skill level 6 in Stealth
   920 | D:2      | Reached XP level 3. HP: 20/24 MP: 3/3
  1098 | D:2      | Reached skill level 7 in Stealth
  1289 | D:3      | Reached XP level 4. HP: 29/29 MP: 4/4
  1420 | D:3      | Noticed Grinder
  1439 | D:3      | Paralysed by Grinder for 5 turns
  1446 | D:3      | Paralysed by Grinder for 4 turns
  1458 | D:3      | Paralysed by Grinder for 6 turns
  1466 | D:3      | Killed Grinder
  1466 | D:3      | Reached skill level 9 in Stealth
  1466 | D:3      | Reached XP level 5. HP: 8/35 MP: 5/5
  1466 | D:3      | Reached XP level 6. HP: 9/40 MP: 6/6
  1899 | D:3      | HP: 2/40 [gnoll/flail (5)]
  1906 | D:3      | HP: 1/61 [kobold (3)]
  1907 | D:3      | Slain by a gnoll

Skill      XL: |  1  2  3  4 |
---------------+-------------+-----
Stealth        | 6 7 9 |  9.4
Fighting       | |  2.4
Short Blades   | |  2.7
Throwing       | |  2.1
Dodging        | |  1.6

Action                   |  1- 3 |  4- 6 || total
-------------------------+-------+-------++-------
Melee: Dagger            |    47 |    39 ||    86
       Constrict         |    14 |     9 ||    23
       Tentacles         |    10 |     9 ||    19
  Use: Potion            |       |     3 ||     3
 Stab: Sleeping          |    14 |     3 ||    17
       Distracted        |     1 |       ||     1
  Eat: Chunk             |     1 |     2 ||     3
Armor: Skin              |     6 |    12 ||    18
Dodge: Dodged            |    14 |    13 ||    27
